 Dungeon Crawl Stone Soup version 0.21.1-1-g345015f (webtiles) character file.

125 ashleybeshir the Ruffian (level 4, -5/36 HPs)
             Began as a Draconian Transmuter on May 4, 2018.
             Slain by a gnoll
             ... wielding a +0 halberd
              (16 damage)
             ... on level 2 of the Dungeon.
             The game lasted 00:11:21 (1499 turns).

ashleybeshir the Ruffian (Draconian Transmuter)     Turns: 1499, Time: 00:11:22

Health: -5/36      AC:  5    Str: 13    XL:     4   Next: 82%
Magic:  4/8        EV: 12    Int: 13    God:
Gold:   67         SH:  0    Dex: 12    Spells: 1/8 levels left

rFire    . . .     SeeInvis .     - Unarmed
rCold    . . .     Gourm    .   (no shield)
rNeg     . . .     Faith    .   (armour unavailable)
rPois    .         Spirit   .   (helmet restricted)
rElec    .         Reflect  .   (no cloak)
rCorr    .         Harm     .   (no gloves)
MR       .....                  (boots currently unavailable)
Stlth    ++........             j - amulet of regeneration
HPRegen  0.52/turn              o - ring of stealth
MPRegen  0.11/turn              (no ring)

@: appendage (expiring), very slightly contaminated
A: unfitting armour, talons 3, cold-blooded, AC +5
a: End Transformation


You were on level 2 of the Dungeon.
You were not hungry.
You had grown temporary talons.
You visited 1 branch of the dungeon, and saw 2 of its levels.

You collected 67 gold pieces.

Inventory:

Hand Weapons
 d - a +0 hunting sling
 e - a +0 dagger
 m - a +0 mace
Missiles
 a - 73 arrows
Armour
 k - a cursed +0 leather armour
Jewellery
 j - an amulet of regeneration (around neck)
 o - a ring of stealth (left hand)
 r - an uncursed ring of resist corrosion {unknown}
Scrolls
 f - a scroll of fear {unknown}
 g - a scroll of remove curse {unknown}
 l - a scroll of random uselessness {unknown}
 n - a scroll of identify {unknown}
 p - a scroll of noise {unknown}
 q - a scroll of enchant armour {unknown}
 s - a scroll of amnesia {unknown}
Potions
 h - a potion of curing {unknown}
 i - a potion of resistance {unknown}
Books
 b - a book of Changes

   Spells                             Type                      Level
   a - Beastly Appendage              Transmutation                1
   b - Sticks to Snakes               Transmutation                2
   c - Spider Form                    Transmutation/Poison         3
   d - Ice Form                       Ice/Transmutation            4
   e - Blade Hands                    Transmutation                5
Comestibles
 c - 4 rations
 t - a chunk of flesh


   Skills:
 + Level 2.1 Fighting
 + Level 2.5 Dodging
 + Level 3.6 Unarmed Combat
 + Level 2.7 Spellcasting
 + Level 2.8 Transmutations
 * Level 0.7 Ice Magic


You had one spell level left.
You knew the following spells:

 Your Spells              Type           Power        Failure   Level  Hunger
a - Beastly Appendage     Tmut           #.....       8%          1    #......
b - Sticks to Snakes      Tmut           #.......     11%         2    ###....
c - Ice Form              Ice/Tmut       #.......     75%         4    #####..


Dungeon Overview and Level Annotations

Branches:
Dungeon (2/15)

Altars:


Innate Abilities, Weirdness & Mutations

Your plain brown scales are hard. (AC +5)
You cannot fit into any form of body armour.
You are cold-blooded and may be slowed by cold attacks.
You have claws for feet.


Message History

The gnoll hits you from afar with a halberd.
You hit the gnoll but do no damage.
You kill the gnoll!
The bat barely misses you. The bat hits you but does no damage.
You closely miss the bat.
You kill the bat!
The gnoll misses you.
The gnoll hits you from afar with a halberd.
You see here a bat corpse.
There are monsters nearby!
You can drink potions again.
The gnoll hits you with a halberd!
* * * LOW HITPOINT WARNING * * *
The gnoll shouts!
You hit the gnoll. You claw the gnoll.
The gnoll is severely wounded.
You hit the gnoll but do no damage. Your kick misses the gnoll.
The gnoll hits you from afar with a halberd!
You die...

#####.......#
#g#.###.###.#
#g#.#.....#
#g#.#.###.#
#.#...# ...
#.#...###.###
.#####g#.......#
......gg.....###
######?#@.######
#.#†........
#.#.#######.
#.#.# #.#..
#.### #.


You could see 3 gnolls.

Vanquished Creatures
  A howler monkey (D:2)
  3 adders (D:2)
  A gnoll (D:2)
  3 worms (D:2)
  2 dart slugs (D:2)
  2 giant cockroaches
  3 goblins (D:1)
  5 hobgoblins
  A quokka (D:2)
  6 bats
  2 frilled lizards (D:1)
  A jackal zombie (D:2)
  6 kobolds
  7 rats
43 creatures vanquished.

Notes
Turn   | Place    | Note
-------+----------+-------------------------------------------
     0 | D:1      | ashleybeshir the Draconian Transmuter began the quest for the Orb.
     0 | D:1      | Reached XP level 1. HP: 16/16 MP: 3/3
   366 | D:1      | Reached XP level 2. HP: 23/23 MP: 3/5
   537 | D:1      | Learned a level 2 spell: Sticks to Snakes
  1100 | D:2      | Noticed a howler monkey
  1110 | D:2      | Killed a howler monkey
  1110 | D:2      | Reached XP level 3. HP: 22/29 MP: 4/6
  1205 | D:2      | Reached XP level 4. HP: 30/36 MP: 5/7
  1279 | D:2      | Learned a level 4 spell: Ice Form
  1499 | D:2      | Slain by a gnoll

Skill      XL: |  1  2  3  4 |
---------------+-------------+-----
Dodging        | 2 |  2.5
Fighting       | 2 |  2.1
Unarmed Combat | |  3.6
Spellcasting   | |  2.7
Transmutations | |  2.8
Ice Magic      | |  0.7

Action                   |  1- 3 |  4- 6 || total
-------------------------+-------+-------++-------
Melee: Dagger            |    25 |       ||    25
       Unarmed           |    70 |    64 ||   134
       Tailslap          |     6 |     5 ||    11
       Kick              |     3 |     7 ||    10
       Punch             |     1 |       ||     1
       Headbutt          |     6 |       ||     6
 Cast: Beastly Appendage |    15 |     3 ||    18
       Ice Form          |       |     1 ||     1
 Stab: Sleeping          |     1 |     1 ||     2
  Eat: Chunk             |     1 |     2 ||     3
Armor: Skin              |    30 |    17 ||    47
Dodge: Dodged            |    53 |    46 ||    99
